 Dungeon Crawl Stone Soup version 0.31.0-12-g77e489cdc1 (webtiles) character file.

Game seed: 2281858222110749341

16578 wingedge the Fighter (level 11, -6/97 HPs)
             Began as a Demigod Earth Elementalist on Feb 24, 2024.
             Mangled by a yak (9 damage)
             ... on level 3 of the Lair of Beasts on Feb 28, 2024.
             The game lasted 00:32:30 (16577 turns).

wingedge the Fighter (Demigod Earth Elementalist)  Turns: 16577, Time: 00:32:30

Health: -6/97      AC: 13    Str: 13    XL:     11   Next: 82%
Magic:  2/27       EV: 11    Int: 25    God:
Gold:   962        SH:  0    Dex: 14    Spells: 12/26 levels left

rFire   . . .        K - +2 scimitar (flame)
rCold   + . .        (no shield)
rNeg    . . .        n - +2 ring mail {rC+}
rPois   .            H - +2 helmet
rElec   .            (no cloak)
rCorr   .            t - +0 pair of gloves
SInv    .            r - +0 pair of boots
Will    +....        (no amulet)
Stlth   +            i - ring of wizardry
HPRegen 0.36/turn    A - ring of wizardry
MPRegen 0.20/turn

%: wizardry (x2)
@: very slightly contaminated
A: high MP 1, forlorn, divine attributes
a: no special abilities


You were on level 3 of the Lair of Beasts.
You visited 2 branches of the dungeon, and saw 12 of its levels.
You also visited: Ossuary.

You collected 962 gold pieces.

Inventory:

Hand Weapons
 K - a +2 scimitar of flaming (weapon)
Armour
 h - a +2 robe of resistance
 n - a +2 ring mail of cold resistance (worn)
 r - a +0 pair of boots (worn)
 t - a +0 pair of gloves (worn)
 B - +0 acid dragon scales
 H - a +2 helmet (worn)
Magical Staves
 a - a staff of conjuration
 b - a staff of cold
Jewellery
 e - a +6 ring of strength
 i - a ring of wizardry (left hand)
 A - a ring of wizardry (right hand)
Wands
 d - a wand of mindburst (14)
 v - a wand of polymorph (13)
 z - a wand of flame (13)
 F - a wand of charming (8)
 J - a wand of quicksilver (5)
Scrolls
 g - a scroll of torment
 j - 6 scrolls of teleportation
 k - 2 scrolls of poison
 l - 3 scrolls of revelation
 o - a scroll of enchant armour {unknown}
 p - a scroll of amnesia
 q - 3 scrolls of fog {unknown}
 s - a scroll of vulnerability {unknown}
 w - a scroll of enchant weapon {unknown}
 y - a scroll of immolation {unknown}
 C - a scroll of fear {unknown}
 E - 2 scrolls of butterflies {unknown}
Potions
 c - 3 potions of resistance
 f - 3 potions of mutation
 m - 2 potions of heal wounds {unknown}
 u - 2 potions of might
 x - 4 potions of attraction {unknown}
 D - a potion of degeneration {unknown}
 G - 3 potions of haste
 I - a potion of enlightenment {unknown}
 L - 5 potions of curing


   Skills:
 + Level 9.5 Fighting
 - Level 3.0 Armour
 - Level 2.0 Dodging
 - Level 2.0 Stealth
 - Level 8.0 Spellcasting
 - Level 7.0 Conjurations
 - Level 5.0 Necromancy
 - Level 7.0 Earth Magic
 - Level 7.0 Alchemy


You had 12 spell levels left.
You knew the following spells:

 Your Spells              Type           Power      Damage    Failure   Level
a - Sandblast             Erth           90%        2d19      1%          1
b - Stone Arrow           Conj/Erth      90%        3d12      1%          3
c - Passwall              Erth           45%        N/A       1%          3
d - Sublimation of Blood  Necr           35%        N/A       1%          2
e - Irradiate             Conj/Alch      22%        3d19      5%          5

Your spell library contained the following spells:

 Spells                   Type           Power      Damage    Failure   Level
 Momentum Strike          Conj/Tloc      54%        3d9       1%          2
 Static Discharge         Conj/Air       54%        3-6/arc   1%          2
 Brom's Barrelling Bould  Conj/Erth      45%        2d6       1%          4
 Petrify                  Alch/Erth      45%        N/A       1%          4
 Blink                    Tloc           20%        N/A       5%          2
 Lesser Beckoning         Tloc           20%        N/A       5%          2
 Animate Armour           Summ/Erth      54%        N/A       8%          4
 Airstrike                Air            5%         2d(1-17)  30%         4
 Summon Lightning Spire   Summ/Air       10%        N/A       30%         4
 Lehudib's Crystal Spear  Conj/Erth      22%        10d6      100%        8


Dungeon Overview and Level Annotations

Branches:
Dungeon (9/15)             Temple (0/1) D:5            Lair (3/5) D:9
  Snake (0/4) Lair:2          Orc (0/2) D:9         Ossuary (visited)
  Swamp: Lair:2-3    Shoals: Lair:2-3

Shops:
D:4 [=:*

Annotations:
D:8 2 runed translucent doors
D:9 2 transporters, RockinRobin's ghost, novice FoFi


Innate Abilities, Weirdness & Mutations

You have an increased reservoir of magic. (+10% MP)
You shall have no god before yourself.
Your divine heritage dramatically boosts your attributes as you level up.


Message History

The yak is blasted with magical radiation!!
The yak is almost dead.
You are very lightly contaminated with residual magic.
The yak gores you but does no damage. x2
You slash the yak! You burn the yak.
You kill the yak!
The yak gores you!
The water moccasin bites you but does no damage.
Casting: Irradiate (dangerous; 5% risk of failure)
Confirm with . or Enter, or press ? or * to list all spells.
You erupt in a fountain of uncontrolled magic!
The water moccasin is blasted with magical radiation!!
The water moccasin is almost dead.
The water moccasin twists and deforms.
The yak is blasted with magical radiation!!
You kill the yak!
You are lightly contaminated with residual magic.
The water moccasin completely misses you.
You hit the water moccasin. You burn the water moccasin.
You kill the water moccasin!
The yak gores you. The yak gores you!
* * * LOW HITPOINT WARNING * * *
You hit the yak but do no damage. The yak gores you!
* * * LOW HITPOINT WARNING * * *
The yak gores you.
* * * LOW HITPOINT WARNING * * *
Casting: Irradiate (dangerous; 5% risk of failure)
Confirm with . or Enter, or press ? or * to list all spells.
You don't have enough magic to cast this spell.
You hit the yak. You burn the yak.
The yak is lightly wounded.
The yak barely misses you. The yak gores you but does no damage.
You slash the yak! You burn the yak.
The yak is severely wounded.
The yak gores you.
* * * LOW HITPOINT WARNING * * *
The yak gores you but does no damage. The yak gores you!
* * * LOW HITPOINT WARNING * * *
The yak gores you!
You die...

#...........♣
##...##......♣
#...####.....♣ ##
##..#P....†..♣♣ ##P###
#..###.†####... #...#.
#..#..†.# #.... #P...##
###...##..# ##..#
##.....#########Y...##..##
#.#.
#..............@Y........#
#...
##.....#...##.#.##......##
#.#.
#.#...###.#########P..#.#
#P.#. #..## ### ..P..##
#P..#. #..# ##.....#
#..... #..## #....##
##.### #...# ...<. #...##
##...##


You could see 2 yaks.

Vanquished Creatures
  Erica (D:9)
  A fire crab (D:9)
  Pikel (D:7)
  A guardian serpent (Lair:2)
  A black mamba (Lair:1)
  A rime drake (Lair:2)
  5 cane toads
  An unseen horror (D:8)
  A komodo dragon (Lair:1)
  2 trolls (D:9)
  2 polar bears (Lair:2)
  6 blink frogs
  A basilisk (Lair:1)
  4 wyverns
  Eustachio (D:5)
  13 yaks
  A steam dragon (D:7)
  2 acid dragons
  Duvessa (D:7)
  13 water moccasins
  2 orc warriors
  6 black bears
  3 ogres
  2 centaurs
  13 wolves
  2 phantoms
  2 kobold brigands
  16 bullfrogs
  A gnoll sergeant (D:6)
  4 scorpions
  Dowan (D:7)
  4 killer bees (D:8)
  3 electric eels
  3 howler monkeys
  5 hounds
  A jelly (D:5)
  4 orc priests
  3 bombardier beetles
  3 gnoll boudas
  2 iguanas
  17 orc wizards
  9 mummies
  22 gnolls
  7 adders
  2 shadow imps
  2 white imps (D:6)
  2 ufetubi (D:5)
  A dart slug (D:2)
  2 ribbon worms (D:2)
  44 orcs
  8 endoplasms
  3 giant cockroaches
  A gnoll zombie (Ossuary)
  7 hobgoblins
  5 jackals (D:3)
  2 quokkas (D:3)
  4 ball pythons
  4 bats
  2 frilled lizards (D:3)
  6 goblins
  A goblin zombie (D:6)
  A hobgoblin zombie (Ossuary)
  6 kobolds
  4 kobold zombies (Ossuary)
  3 orc zombies
  7 rats
311 creatures vanquished.

Vanquished Creatures (others)
  An orc (D:5)
1 creature vanquished.

Grand Total: 312 creatures vanquished

Notes
Turn   | Place    | Note
-------+----------+-------------------------------------------
     0 | D:1      | wingedge the Demigod Earth Elementalist began the quest for
                  | the Orb.
     0 | D:1      | Reached XP level 1. HP: 14/14 MP: 5/5
   558 | D:1      | Reached XP level 2. HP: 20/20 MP: 5/7
  1438 | D:2      | Reached XP level 3. HP: 26/26 MP: 4/8
  1442 | D:2      | Learned a level 3 spell: Stone Arrow
  1820 | D:2      | Reached skill level 1 in Conjurations
  2264 | D:3      | Reached XP level 4. HP: 33/33 MP: 5/10
  2352 | D:3      | Learned a level 3 spell: Passwall
  2900 | D:4      | Reached XP level 5. HP: 12/38 MP: 7/12
  3052 | D:4      | Found Fulim's Armour Emporium.
  3140 | D:4      | Found Hokaji's Assorted Antiques.
  3163 | D:4      | Found Rere's Book Emporium.
  3288 | D:4      | Found Muihem's Jewellery Boutique.
  3356 | D:4      | Noticed an ogre
  3361 | D:4      | Killed an ogre
  3475 | D:4      | Noticed an ogre
  3478 | D:4      | Killed an ogre
  3479 | D:4      | Reached XP level 6. HP: 45/45 MP: 7/14
  3785 | D:5      | Entered Level 5 of the Dungeon
  3937 | D:5      | Found a staircase to the Ecumenical Temple.
  4394 | D:5      | Noticed Eustachio
  4429 | D:5      | Killed Eustachio
  4430 | D:5      | Reached XP level 7. HP: 20/50 MP: 0/17
  4700 | D:5      | Reached skill level 5 in Earth Magic
  4836 | D:5      | Reached skill level 5 in Spellcasting
  4836 | D:5      | Reached skill level 5 in Conjurations
  4990 | D:5      | Reached skill level 1 in Fighting
  4990 | D:5      | Reached skill level 1 in Armour
  5354 | D:6      | Reached XP level 8. HP: 55/59 MP: 5/19
  5658 | D:6      | Found a sand-covered staircase.
  5737 | Ossuary  | Entered an ossuary
  6143 | Ossuary  | Reached skill level 2 in Fighting
  7205 | D:6      | Reached skill level 3 in Fighting
  8009 | D:6      | Reached XP level 9. HP: 58/69 MP: 0/20
  8373 | D:7      | Noticed Duvessa
  8374 | D:7      | Noticed Dowan
  8377 | D:7      | Killed Duvessa
  8379 | D:7      | Killed Dowan
  8916 | D:7      | Reached skill level 4 in Fighting
  9150 | D:7      | Noticed Pikel
  9154 | D:7      | Killed Pikel
  9999 | D:8      | Found a runed translucent door.
 10304 | D:8      | Reached skill level 5 in Fighting
 10398 | D:8      | Found a large runed translucent door.
 10399 | D:8      | Found a large runed translucent door.
 10416 | D:8      | Killed an unseen horror
 10426 | D:8      | Reached XP level 10. HP: 77/81 MP: 4/25
 10449 | D:8      | HP: 6/121 [orc warrior/+0 short sword (9)]
 10462 | D:8      | HP: 6/121 [orc wizard/+0 dagger (2)]
 11323 | D:9      | Found a transporter.
 11324 | D:9      | Noticed a moth of wrath
 11474 | D:9      | Found a transporter.
 11485 | D:9      | Noticed RockinRobin's ghost (novice FoFi)
 11937 | D:9      | Reached skill level 6 in Fighting
 11940 | D:9      | Learned a level 2 spell: Sublimation of Blood
 11946 | D:9      | Learned a level 5 spell: Irradiate
 12049 | D:9      | Found a staircase to the Lair.
 12050 | D:9      | Noticed a fire crab
 12056 | D:9      | Killed a fire crab
 12132 | D:9      | Noticed Erica
 12143 | D:9      | Killed Erica
 12413 | D:9      | Noticed a two-headed ogre
 12446 | D:9      | Noticed a tengu warrior
 12479 | D:9      | Reached skill level 5 in Alchemy
 12601 | D:9      | Found a staircase to the Orcish Mines.
 12784 | Lair:1   | Entered Level 1 of the Lair of Beasts
 13488 | Lair:1   | Reached XP level 11. HP: 89/89 MP: 20/27
 13534 | Lair:1   | Reached skill level 1 in Necromancy
 14623 | Lair:2   | Found a staircase to the Snake Pit.
 14625 | Lair:2   | Reached skill level 7 in Fighting
 15489 | Lair:2   | Reached skill level 5 in Necromancy
 15493 | Lair:2   | Reached skill level 8 in Fighting
 16474 | Lair:3   | Reached skill level 9 in Fighting
 16577 | Lair:3   | HP: 3/97 [yak (9)]
 16577 | Lair:3   | Mangled by a yak

Illustrated notes

Levels and vault maps discovered:
D:1:      onia_arrival_mini_maze_b, layout_loops_corners,
          shapermc_ecumenical_altar_mp_highgroup, grunt_decor_cap
D:2:      layout_loops_cross
D:3:      layout_rooms, trog_butcher_becter, minmay_surrounded
D:4:      layout_basic, serial_shops, nicolae_shop_gaudy_bauble, shop, shop,
          nicolae_shop_tiny_waterfront
D:5:      layout_basic, nicolae_dithmenos_the_darkroom,
          nicolae_wu_jian_immortal_techniques,
          mainiacjoe_overflow_concentric_impassable,
          minmay_temple_entry_from_below_a, lemuel_flamethrower_2,
          uniq_eustachio
D:6:      minmay_chambers_of_fours, layout_loops_ring,
          nicolae_ossuary_entry_giza, minmay_diced_spiral
D:7:      layout_cave_pools, mainiacjoe_overflow_alcove_4,
          yredelemnul_altar_generic, worldfamousw_hep_ancestral_shrine,
          uniq_pikel, uniq_duvessa
D:8:      layout_cave_pools, kennysheep_orc_sif_temple,
          nicolae_overflow_macrodata_refinement,
          nicolae_ru_sacrificial_ziggurat, lightli_church_of_beogh
D:9:      layout_irregular_city, minmay_lair_entry_lava,
          gammafunk_ghost_wrathful_warriors, hangedman_decor_clover_reticule,
          nicolae_lava_and_water, uniq_erica
Lair:1:   layout_gridlike, beast_lair_carwin_2, serial_bayou_shore_b
Lair:2:   layout_regular_city, minmay_snake_entry_spellcaster,
          lemuel_fruit_tree, infiniplex_staircase_pool_2, grunt_megastairs_5
Lair:3:   layout_loops_ring, mainiacjoe_swamp_entry_angry_trees,
          beast_lair_carwin_10

Skill      XL: |  1  2  3  4  5  6  7  8  9 10 11 |
---------------+----------------------------------+-----
Earth Magic    | 3 4 5 6 7 |  7.0
Conjurations   | 1 2 3 4 5 6 7 |  7.0
Spellcasting   | 2 3 4 5 7 8 |  8.0
Dodging        | 2 |  2.0
Stealth        | 2 |  2.0
Fighting       | 1 3 5 6 9 |  9.5
Armour         | 1 3 |  3.0
Alchemy        | 6 7 |  7.0
Necromancy     | 5 |  5.0

Action                     |  1- 3 |  4- 6 |  7- 9 | 10-12 || total
---------------------------+-------+-------+-------+-------++-------
  Melee: Trident           |       |     5 |    28 |       ||    33
         Staff             |       |     1 |    20 |       ||    21
         Dagger            |       |       |     1 |       ||     1
         Spear             |       |       |    20 |    35 ||    55
         Scimitar          |       |       |       |    57 ||    57
         Punch             |       |       |       |     2 ||     2
   Cast: Sandblast         |    66 |    31 |    19 |     3 ||   119
         Passwall          |       |     2 |       |       ||     2
         Stone Arrow       |       |    23 |   198 |   204 ||   425
         Irradiate         |       |       |       |     4 ||     4
    Use: Scroll            |     2 |     1 |     5 |     1 ||     9
         Potion            |       |       |     4 |     7 ||    11
 Armour: Robe              |     3 |    26 |     9 |       ||    38
         Skin              |       |       |    15 |   135 ||   150
         Ring mail         |       |       |   140 |   224 ||   364
  Dodge: Dodged            |     4 |    19 |    82 |   141 ||   246
